 Dungeon Crawl Stone Soup version 0.23.0-3-gf3c87f2 (webtiles) character file.

Game seed: 1601312374114462296

18 Lavandula the Skirmisher (level 2, 29/29 HPs)
             Began as a Troll Wanderer on Feb 23, 2019.
             Quit the game on level 1 of the Dungeon.
             The game lasted 00:01:06 (487 turns).

Lavandula the Skirmisher (Troll Wanderer)            Turns: 487, Time: 00:01:07

Health: 29/29      AC:  6    Str: 20    XL:     2   Next: 51%
Magic:  1/1        EV:  3    Int:  7    God:
Gold:   67         SH:  0    Dex:  9    Spells: 1/1 levels left

rFire    . . .     SeeInvis .     - Unarmed
rCold    . . .     Gourm    +   (no shield)
rNeg     . . .     Faith    .   f - +0 robe
rPois    .         Spirit   .   (helmet restricted)
rElec    .         Reflect  .   (no cloak)
rCorr    .         Harm     .   (gloves unavailable)
MR       .....                  (boots unavailable)
Stlth    +.........             (no amulet)
HPRegen  0.49/turn              i - -6 ring of evasion (curse)
MPRegen  0.07/turn              (no ring)

@: no status effects
A: large, unfitting armour, claws 3, fast metabolism 3, gourmand, regeneration
1, shaggy fur 1, tough skin 3
a: no special abilities


You were on level 1 of the Dungeon.
You were full.

You visited 1 branch of the dungeon, and saw 2 of its levels.

You collected 67 gold pieces.

Inventory:

Hand Weapons
 e - a +0 blowgun
Missiles
 d - 9 poisoned needles
Armour
 f - a +0 robe (worn)
Jewellery
 i - a cursed -6 ring of evasion (left claw)
Potions
 a - a potion of curing {unknown}
 b - a potion of flight {unknown}
 c - a potion of lignification
 k - a potion of mutation {unknown}
Comestibles
 g - 2 rations


   Skills:
 - Level 2.4 Fighting
   Level 1.7 Maces & Flails
   Level 1.2 Crossbows
 - Level 1.0 Throwing
 - Level 1.0 Dodging
 - Level 1.0 Stealth
 + Level 2.2 Unarmed Combat


You had one spell level left.
You didn't know any spells.
Your spell library was empty.

Dungeon Overview and Level Annotations

Branches:
Dungeon (2/15)

Altars:


Innate Abilities, Weirdness & Mutations

You are too large for most types of armour.
You have claws for hands.
Your metabolism is lightning-fast.
You like to eat raw meat.
Your natural rate of healing is unusually fast.
You are covered in fur. (AC +1)
You have extremely tough skin. (AC +3)


Message History

a stone; a kobold corpse
As you read the scroll labeled ZETISYT JEUFI, it crumbles to dust.
The air around you briefly surges with heat, but it dissipates.
It was a scroll of immolation.
As you read the scroll labeled XEAFUPLOFU, it crumbles to dust.
You feel aware of your surroundings.
It was a scroll of magic mapping.
As you read the scroll labeled ECALYQ OCSAP, it crumbles to dust.
The dust glows mottled black!
It was a scroll of random uselessness.
You aren't carrying any scrolls.
Unknown command.
You now have 67 gold pieces (gained 4).
b - a puce potion A goblin comes into view.
It is wielding a +0 club.
A goblin is nearby!
A goblin is nearby!
You claw the goblin!
You kill the goblin!
No target in view!
No target in view!
Are you sure you want to abandon this character and quit the game? (Confirm with "yes".)

...........########## *≈≈≈
.......##### #≈≈# .......# ###**
#≈≈≈ .......###### #..,* #≈≈≈
...###......# #.#,* ####
######......# #.#,**********#...
....##.[....# #.#,,,,,,,,,,,####
###.##......# #)#**********,#≈≈≈
# #.........####@# *,,,,,,,*,#☼☼○
#####.......#....#**,*****,*,#○≈#
(..##.......#.#........,,,,*,*○°≈
##.########.#.#.####.##*****,*#°☼
##.# #...#.# *,,,,,,,,,*### .#.#
#####.# *********** .#.# *,,,..#
...# ****### ####


There were no monsters in sight!

Vanquished Creatures
  A leopard gecko (D:1)
  A giant cockroach (D:2)
  4 goblins (D:1)
  2 hobgoblins (D:1)
  3 bats
  3 frilled lizards (D:1)
  2 kobolds
  A rat (D:1)
17 creatures vanquished.

Notes
Turn   | Place    | Note
-------+----------+-------------------------------------------
     0 | D:1      | Lavandula the Troll Wanderer began the quest for the Orb.
     0 | D:1      | Lavandula set off with the following items: a +2 hand
                  | crossbow, 27 bolts, a potion of lignification, 9 poisoned
                  | needles, a +0 blowgun, a +0 robe, 2 rations
     0 | D:1      | Reached XP level 1. HP: 22/22 MP: 0/0
   115 | D:1      | Reached skill level 1 in Unarmed Combat
   172 | D:1      | You fall through a shaft!
   179 | D:2      | Reached XP level 2. HP: 29/29 MP: 1/1
   487 | D:1      | Quit the game

Skill      XL: |  1  2 |
---------------+-------+-----
Unarmed Combat | 1 2 |  2.2
Fighting       | |  2.4
Maces & Flails | |  1.7
Crossbows      | |  1.2
Throwing       | |  1.0
Dodging        | |  1.0
Stealth        | |  1.0

Action                   || total
-------------------------++-------
Melee: Unarmed           ||    36
 Fire: Hand crossbow     ||     3
  Use: Scroll            ||     3
 Stab: Sleeping          ||     2
  Eat: Chunk             ||     6
Armor: Robe              ||    16
Dodge: Dodged            ||    16
